 Dungeon Crawl Stone Soup version 0.31-a0-175-g9f7f995f2b (webtiles) character file.

Game seed: 15803750469597542289

203 epsilonplus the Ruffian (level 5, -6/53 HPs)
             Began as a Troll Berserker on June 17, 2023.
             Was a Believer of Trog.
             Killed from afar by an orc wizard (12 damage)
             ... with a magic dart
             ... on level 4 of the Dungeon.
             The game lasted 00:04:23 (2342 turns).

epsilonplus the Ruffian (Troll Berserker)           Turns: 2342, Time: 00:04:24

Health: -6/53      AC:  4    Str: 27    XL:     5   Next: 51%
Magic:  4/4        EV: 10    Int:  3    God:    Trog [**....]
Gold:   144        SH:  0    Dex:  9    Spells: 4/4 levels left

rFire   . .          .
                       - Unarmed
rCold   . . .        (no shield)
rNeg    . . .        a - +0 animal skin
rPois   .            (helmet restricted)
rElec   .            (no cloak)
rCorr   .            (gloves unavailable)
SInv    .            (boots unavailable)
Will    .....        (no amulet)
Stlth   +            (no ring)
HPRegen 1.08/turn    (no ring)
MPRegen 0.09/turn

%: no passive effects
@: on berserk cooldown
A: large, unfitting armour, claws 3, regeneration 1, shaggy fur 1, tough skin 1
a: Renounce Religion, Berserk, Trog's Hand


You were on level 4 of the Dungeon.
You worshipped Trog.
Trog was pleased with you.
You visited 1 branch of the dungeon, and saw 4 of its levels.

You collected 144 gold pieces.

Inventory:

Hand Weapons
 o - a +0 giant club
Missiles
 k - 3 boomerangs
 m - 5 poisoned darts (quivered)
Armour
 a - a +0 animal skin (worn)
Scrolls
 h - a scroll of vulnerability
 l - a scroll of acquirement {unknown}
 n - a scroll of fog {unknown}
 p - a scroll of noise {unknown}
Potions
 c - 2 potions of mutation
 f - 2 potions of ambrosia
 j - a potion of haste
 q - a potion of invisibility
 r - a potion of berserk rage {unknown}


   Skills:
 + Level 3.3 Fighting
 + Level 1.3 Throwing
 + Level 3.3 Dodging
 + Level 4.5 Unarmed Combat


You had 4 spell levels left.
You didn't know any spells.
Your spell library contained the following spells:

 Spells                   Type           Power      Damage    Failure   Level
 Shock                    Conj/Air       0%         1d3       52%         1
 Summon Small Mammal      Summ           0%         N/A       52%         1
 Blink                    Tloc           0%         N/A       67%         2
 Lesser Beckoning         Tloc           0%         N/A       67%         2
 Momentum Strike          Conj/Tloc      0%         3d8       67%         2
 Call Canine Familiar     Summ           0%         N/A       88%         3
 Summon Guardian Golem    Hex/Summ       0%         N/A       88%         3
 Swiftness                Air            0%         N/A       88%         3
 Airstrike                Air            0%         2d(0-16)  99%         4
 Animate Armour           Summ/Erth      0%         N/A       99%         4
 Summon Lightning Spire   Summ/Air       0%         N/A       99%         4
 Blade Hands              Tmut           0%         N/A       100%        5


Dungeon Overview and Level Annotations

Branches:
Dungeon (4/15)
 Temple: D:4-7

Altars:
Fedhas
Gozag


Innate Abilities, Weirdness & Mutations

You are too large for most types of armour.
You have claws for hands.
Your natural rate of healing is unusually fast.
You are covered in fur. (AC +1)
You have tough skin. (AC +1)


Message History

The orc barely misses you.
The orc wizard mumbles some strange words.
The orc wizard flickers and vanishes!
Deactivating autopickup; reactivate with Ctrl-A.
The orc closely misses you. The orc hits you but does no damage. x2
You closely miss the orc. The orc hits you but does no damage.
The orc closely misses you.
You closely miss the orc.
You feel yourself speed up. The orc closely misses you.
The orc hits you with a +0 short sword.
* * * LOW HITPOINT WARNING * * *
The orc barely misses you. x2; The orc hits you with a +0 short sword.
* * * LOW HITPOINT WARNING * * *
You claw the orc!
You kill the orc!
Trog accepts your kill.
You hear some strange, mumbled words.
Something tries to affect you, but you resist.
The orc closely misses you.
You claw the orc!
You kill the orc!
Trog accepts your kill. The orc hits you but does no damage.
You hear some strange, mumbled words.
A puff of flame appears from out of thin air!
The puff of flame hits you!
* * * LOW HITPOINT WARNING * * *
Things that are here:
a +0 dagger; an orc corpse You claw the orc!
You kill the orc!
Trog accepts your kill. Something hits you.
* * * LOW HITPOINT WARNING * * *
Unknown command.
You closely miss something.
You hear some strange, mumbled words.
A magic dart appears from out of thin air!
The magic dart hits you!
You die...

......#
......# ###
...####
#.##..###+#
...#
..........#
...#
..........#
...#
#......?..#
...# #....
#..# ...#
......##..#
...+
.......{@)#
...#
#.......).#
...#
#.........#
...#
..........#
...+
..........#
...#
..[...##..#
...# #.....
#..# ...#
###### #..#
.


There were no monsters in sight!

Vanquished Creatures
  An ogre (D:3)
  6 adders
  A worm (D:2)
  4 orcs
  4 endoplasms
  5 giant cockroaches
  5 goblins
  4 hobgoblins
  2 jackals (D:1)
  4 kobolds
  5 quokkas
  4 ball pythons
  5 bats
  3 frilled lizards (D:1)
  2 rats
55 creatures vanquished.

Notes
Turn   | Place    | Note
-------+----------+-------------------------------------------
     0 | D:1      | epsilonplus the Troll Berserker began the quest for the
                  | Orb.
     0 | D:1      | Reached XP level 1. HP: 22/22 MP: 0/0
   108 | D:1      | Reached XP level 2. HP: 29/29 MP: 1/1
   279 | D:1      | Found a faded altar of an unknown god.
   574 | D:2      | Reached XP level 3. HP: 34/36 MP: 2/2
   710 | D:2      | Reached ** piety under Trog
  1005 | D:2      | Reached skill level 4 in Unarmed Combat
  1059 | D:2      | Reached XP level 4. HP: 44/44 MP: 3/3
  1389 | D:3      | Noticed an ogre
  1437 | D:3      | Killed an ogre
  1438 | D:3      | Reached skill level 1 in Throwing
  1438 | D:3      | Reached XP level 5. HP: 39/53 MP: 4/4
  1908 | D:3      | Found an opulent altar of Gozag.
  1956 | D:3      | Found a blossoming altar of Fedhas.
  2314 | D:4      | HP: 2/53 [scorpion (4)]
  2342 | D:4      | Killed from afar by an orc wizard

Illustrated notes

Levels and vault maps discovered:
D:1:      dpeg_arrival_houses_and_road, layout_basic,
          dreamdust_ecumenical_altar_statues, minmay_pentomino_q2
D:2:      layout_loops_ring, st_stairs_11, minmay_goblin_kobold_house
D:3:      layout_loops_corners, mainiacjoe_overflow_swirl,
          corexii_hall_statues_x
D:4:      layout_gridville, uniq_robin

Skill      XL: |  1  2  3  4 |
---------------+-------------+-----
Unarmed Combat | 4 |  4.5
Fighting       | 3 |  3.3
Throwing       | 1 |  1.3
Dodging        | 3 |  3.3

Action                     |  1- 3 |  4- 6 || total
---------------------------+-------+-------++-------
  Melee: Unarmed           |    66 |    48 ||   114
         Punch             |     1 |     1 ||     2
 Invoke: Trog's Hand       |       |     3 ||     3
         Berserk           |       |     2 ||     2
    Use: Scroll            |     5 |     7 ||    12
         Potion            |       |     4 ||     4
 Armour: Animal skin       |     9 |    19 ||    28
  Dodge: Dodged            |    24 |    46 ||    70

Table legend: (Time is in decaauts)
 A = Elapsed time spent in this place.
 B = Non-inter-level travel time spent in this place.
 C = Inter-level travel time spent in this place.
 D = Time resting spent in this place.
 E = Time spent auto-exploring this place.
 F = Levels seen in this place.
 G = Mean time per level.
                   A        B        C        D        E       F      G
               +--------+--------+--------+--------+--------+-----+--------+
         Total |   2355 |   2265 |     90 |      1 |   1830 |   4 |  588.8 |
       Dungeon |   2355 |   2265 |     90 |      1 |   1830 |   4 |  588.8 |
               +--------+--------+--------+--------+--------+-----+--------+

Top non-repeatable levels by time:
     D:3: 867 daAuts
     D:2: 789 daAuts
     D:1: 534 daAuts
     D:4: 163 daAuts
